 Dungeon Crawl Stone Soup version 0.28-a0-1382-g92835e5c71 (webtiles) character file.

Game seed: 11975156415960239340

60 Bediveer the Skirmisher (level 3, -14/34 HPs)
             Began as a Minotaur Fighter on Jan 2, 2022.
             Demolished by an orc warrior (17 damage)
             ... on level 3 of the Dungeon.
             The game lasted 00:03:06 (2299 turns).

Bediveer the Skirmisher (Minotaur Fighter)          Turns: 2299, Time: 00:03:08

Health: -14/34     AC:  6    Str: 22    XL:     3   Next: 82%
Magic:  2/2        EV:  9    Int:  5    God:
Gold:   58         SH:  4    Dex:  9    Spells: 2/2 levels left

rFire   . . .      SeeInvis .   a - +0 war axe
rCold   . . .      Faith    .   c - +0 buckler
rNeg    . . .      Spirit   .   b - +0 scale mail
rPois   .          Reflect  .   (helmet restricted)
rElec   .          Harm     .   (no cloak)
rCorr   .          Rampage  .   (no gloves)
Will    .....                   (no boots)
Stlth   ..........              (no amulet)
HPRegen 0.11/turn               (no ring)
MPRegen 0.08/turn               (no ring)

@: mighty
A: horns 2, retaliatory headbutt
a: no special abilities


You were on level 3 of the Dungeon.
You visited 1 branch of the dungeon, and saw 3 of its levels.

You collected 58 gold pieces.

Inventory:

Hand Weapons
 a - a +0 war axe (weapon)
Armour
 b - a +0 scale mail (worn)
 c - a +0 buckler (worn)
Scrolls
 e - a scroll of enchant weapon {unknown}
 g - a scroll of immolation {unknown}
 h - 2 scrolls of fear {unknown}
 i - a scroll of teleportation {unknown}
 j - a scroll of identify {unknown}
Potions
 f - a potion of experience {unknown}
 k - a potion of flight {unknown}


   Skills:
 + Level 4.4 Fighting
 * Level 4.3 Axes
 - Level 3.6 Armour
 - Level 3.7 Shields


You had 2 spell levels left.
You didn't know any spells.
Your spell library was empty.

Dungeon Overview and Level Annotations

Branches:
Dungeon (3/15)

Altars:


Innate Abilities, Weirdness & Mutations

You have a pair of horns on your head.
You reflexively headbutt those who attack you in melee.


Message History

The orc shouts!
You hear a shout!
An orc is nearby!
An orc priest comes into view. It is wielding a +0 whip.
Found a stone staircase leading down.
The orc priest shouts!
An orc wizard comes into view. It is wielding a +0 dagger.
An orc warrior comes into view. It is wielding a +0 flail.
You see here a scroll labelled ZANWYO SAKHETH.
The orc warrior shouts!
The orc wizard shouts!
The orc hits you but does no damage.
You slash the orc!
You kill the orc!
The orc wizard gestures wildly while chanting.
The orc wizard flickers and vanishes!
Deactivating autopickup; reactivate with Ctrl-A.
Things that are here:
a +0 trident; a boomerang; an orc corpse You hit the orc priest but do no damage.
The orc priest hits you with a +0 whip.
You closely miss the orc warrior. Your headbutt misses the orc warrior.
You hit the orc priest.
The orc priest mumbles some strange prayers to Beogh against you.
Beogh smites you!
The orc warrior hits you with a +0 flail.
You are too injured to fight recklessly!
You are too injured to fight recklessly!
You are too injured to fight recklessly!
You are too injured to fight recklessly!
You are too injured to fight recklessly!
You are too injured to fight recklessly!
You closely miss the orc warrior. You slash the orc priest!
The orc priest hits you with a +0 whip.
Sorry, you're not good enough to have a special ability.
You feel very mighty all of a sudden.
The orc priest invokes the aid of Beogh against you.
Beogh smites you!
* * * LOW HITPOINT WARNING * * *
The orc warrior hits you with a +0 flail!
Ouch! That really hurt!
You die...

#......# #......#
###......#
#........#
#####.#......#
#.....#......# #.
#####.#####...<..#
.♣...#.o.?.#
#......#
..≈...{@.###
#......#
.≈≈.#.o#.#
########
≈##...##.# ..≈≈.#
#># ♣.≈≈# #.# .≈.≈
#.. ≈.. ..# .. .#


You could see an orc warrior and an orc priest.

Vanquished Creatures
  2 adders (D:2)
  A worm (D:2)
  A dart slug (D:2)
  An orc (D:3)
  3 endoplasms (D:1)
  3 giant cockroaches
  5 goblins
  3 hobgoblins
  A kobold (D:1)
  4 quokkas
  A ball python (D:2)
  3 bats
  A frilled lizard (D:1)
  5 rats
34 creatures vanquished.

Notes
Turn   | Place    | Note
-------+----------+-------------------------------------------
     0 | D:1      | Bediveer the Minotaur Fighter began the quest for the Orb.
     0 | D:1      | Reached XP level 1. HP: 19/19 MP: 0/0
   366 | D:1      | Reached XP level 2. HP: 21/27 MP: 1/1
   683 | D:1      | Found a faded altar of an unknown god.
  1204 | D:2      | Reached XP level 3. HP: 33/33 MP: 2/2
  2292 | D:3      | Noticed an orc warrior
  2299 | D:3      | Demolished by an orc warrior

Illustrated notes

Levels and vault maps discovered:
D:1:      dpeg_arrival_lava_temple_mockup, layout_loops_ring,
          shapermc_ecumenical_altar_mp_vishouse
D:2:      layout_basic, kennysheep_crisscross
D:3:      layout_rooms, chequers_serial_rivers_marsh, hex_intersection,
          minmay_rat_hole, uniq_robin

Skill      XL: |  1  2  3 |
---------------+----------+-----
Fighting       | 4 |  4.4
Axes           | 3 4 |  4.3
Armour         | |  3.6
Shields        | |  3.7

Action                   || total
-------------------------++-------
Melee: War axe           ||    73
       Headbutt          ||    11
  Use: Potion            ||     1
Armor: Scale mail        ||    26
Dodge: Dodged            ||    24
Block: Buckler           ||    16

Table legend: (Time is in decaauts)
 A = Elapsed time spent in this place.
 B = Non-inter-level travel time spent in this place.
 C = Inter-level travel time spent in this place.
 D = Time resting spent in this place.
 E = Time spent auto-exploring this place.
 F = Levels seen in this place.
 G = Mean time per level.
                   A        B        C        D        E       F      G
               +--------+--------+--------+--------+--------+-----+--------+
         Total |   2323 |   2155 |    168 |      0 |   1946 |   3 |  774.3 |
       Dungeon |   2323 |   2155 |    168 |      0 |   1946 |   3 |  774.3 |
               +--------+--------+--------+--------+--------+-----+--------+

Top non-repeatable levels by time:
     D:2: 1281 daAuts
     D:1: 1022 daAuts
     D:3: 18 daAuts
